 Dungeon Crawl Stone Soup version 0.21.1-1-g345015f (webtiles) character file.

46 wotfoxis the Chopper (level 3, -6/34 HPs)
             Began as a Hill Orc Chaos Knight on Feb 19, 2018.
             Mangled by jazmu's ghost (9 damage)
             ... on level 4 of the Dungeon.
             The game lasted 00:04:53 (537 turns).

wotfoxis the Chopper (Hill Orc Chaos Knight)         Turns: 537, Time: 00:04:53

Health: -6/34      AC:  5    Str: 15    XL:     3   Next: 66%
Magic:  3/3        EV: 16    Int: 17    God:    Xom [......]
Gold:   104        SH:  0    Dex: 15    Spells: 2/2 levels left

rFire    . . .     SeeInvis .   a - +0 hand axe (chaos)
rCold    . . .     Gourm    .   (no shield)
rNeg     . . .     Faith    .   b - +2 leather armour
rPois    .         Spirit   .   (no helmet)
rElec    .         Reflect  .   (no cloak)
rCorr    .         Harm     .   (no gloves)
MR       .....                  (no boots)
Stlth    +++.......             (no amulet)
HPRegen  0.11/turn              h - ring of stealth
MPRegen  0.08/turn              (no ring)

@: brilliant, agile, about to teleport
A: no striking features
a: Renounce Religion


You were on level 4 of the Dungeon.
You worshipped Xom.
You were a very special plaything of Xom.
You were not hungry.

You visited 1 branch of the dungeon, and saw 4 of its levels.

You collected 104 gold pieces.

Inventory:

Hand Weapons
 a - a +0 hand axe of chaos (weapon)
Armour
 b - a +2 leather armour (worn)
Jewellery
 h - a ring of stealth (left hand)
Scrolls
 k - a scroll of fog {unknown}
Potions
 e - a potion of invisibility
 g - 2 potions of brilliance
 i - a potion of degeneration {unknown}
 j - a potion of agility
Comestibles
 c - a ration


   Skills:
 + Level 4.4 Fighting
 + Level 5.0 Axes
 + Level 2.4 Armour
 + Level 0.9 Dodging


You had 2 spell levels left.
You didn't know any spells.

Dungeon Overview and Level Annotations

Branches:
Dungeon (4/15)
 Temple: D:4-7

Altars:

Annotations:
D:4 jazmu's ghost, amateur FoMo


Message History

You see here a purple potion.
d - a purple potion The phantom completely misses you.
Jazmu's ghost barely misses you.
It was a potion of curing.
You feel better.
Xom roars with laughter!
The phantom blinks!
Jazmu's ghost hits you!
* * * LOW HITPOINT WARNING * * *
You see here a metallic amethyst potion.
j - 2 metallic amethyst potions (gained 1) Jazmu's ghost hits you.
* * * LOW HITPOINT WARNING * * *
It was a potion of agility.
You feel more agile all of a sudden. Jazmu's ghost hits you!
* * * LOW HITPOINT WARNING * * *
The phantom blinks!
As you read the scroll of teleportation, it crumbles to dust.
You feel strangely unstable. Jazmu's ghost hits you!
You die...
Xom guffaws!

#..................
#...........W.......
#...................
#...................
#..............w....
#...................
### .
#...................
.....
#..........ยง........
#.##.
#..........W@.......
#.##.
#.####.#.##.######.##
#.##. #. ........#
....##<##% #
#####.#### #.......
#.# ####.... ...
######. ... ........
######## ###


You could see a phantom, a worm and jazmu's ghost.

Vanquished Creatures
  A worker ant (D:4)
  An adder (D:4)
  A dart slug (D:1)
  A giant cockroach (D:1)
  4 goblins
  A hobgoblin (D:2)
  A bat (D:1)
  A frilled lizard (D:1)
  3 rats
14 creatures vanquished.

Notes
Turn   | Place    | Note
-------+----------+-------------------------------------------
     0 | D:1      | wotfoxis the Hill Orc Chaos Knight began the quest for the Orb.
     0 | D:1      | Reached XP level 1. HP: 19/19 MP: 1/1
    58 | D:1      | Reached XP level 2. HP: 25/27 MP: 2/2
    95 | D:1      | XOM: divination: detect creatures
   115 | D:2      | XOM: silly message
   490 | D:4      | Reached XP level 3. HP: 21/33 MP: 3/3
   490 | D:4      | Reached skill level 5 in Axes
   497 | D:4      | XOM: silly message
   508 | D:4      | Noticed a phantom
   510 | D:4      | Noticed jazmu's ghost (amateur FoMo)
   511 | D:4      | XOM: potion effect (agility)
   516 | D:4      | XOM: potion effect (brilliance)
   518 | D:4      | XOM: divination: detect creatures
   525 | D:4      | XOM: potion effect (agility)
   537 | D:4      | Mangled by jazmu's ghost

Skill      XL: |  1  2  3 |
---------------+----------+-----
Fighting       | 4 |  4.4
Axes           | 5 |  5.0
Armour         | |  2.4
Dodging        | |  0.9

Action                   || total
-------------------------++-------
Melee: Hand axe          ||    28
  Use: Potion            ||     4
       Scroll            ||     2
 Stab: Petrifying        ||     1
Armor: Leather armour    ||    19
Dodge: Dodged            ||    52
